 Dungeon Crawl Stone Soup version 0.31-a0-1591-g515db51633 (webtiles) character file.

Game seed: 7479673379545724671

63719 yokelz the Gelid (level 15, -6/103 (107) HPs)
             Began as a Merfolk Ice Elementalist on Jan 5, 2024.
             Was a High Priest of Hepliaklqana.
             Mangled by Rupert
             ... wielding a +0 great mace of venom
              (23 damage)
             ... on level 12 of the Dungeon on Jan 6, 2024.
             The game lasted 02:00:11 (25409 turns).

yokelz the Gelid (Merfolk Ice Elementalist)        Turns: 25409, Time: 02:00:12

HP:   -6/103 (107)  AC: 21    Str:  9    XL:     15   Next: 10%
MP:   20/30         EV: 17    Int: 19    God:    Hepliaklqana [*****.]
Gold: 1123          SH:  9    Dex: 17    Spells: 16/36 levels left

rFire   . . .        P - +1 trident (heavy)
rCold   + . .        S - +0 buckler
rNeg    . . .        g - +1 leather armour {rF+}
rPois   +            (no helmet)
rElec   .            N - +1 cloak
rCorr   .            v - +1 pair of gloves
SInv    .            e - +2 pair of boots
Will    +....        k - amulet of reflection
Stlth   ++           I - ring of poison resistance
HPRegen 0.37/turn    u - ring of ice
MPRegen 0.22/turn

%: reflection
@: lethally poisoned (-6 -> -23), ice-armoured, freezing walls, lightly drained
A: reduced essence, (nimble swimmer 2), mertail
a: Renounce Religion, Recall Ancestor, Ancestor Identity, Transference, Idealise


You were on level 12 of the Dungeon.
You worshipped Hepliaklqana.
Hepliaklqana was extremely pleased with you.
You visited 3 branches of the dungeon, and saw 18 of its levels.

You collected 1354 gold pieces.
You spent 231 gold pieces at shops.

Inventory:

Hand Weapons
 P - a +1 heavy trident (weapon)
 W - a +1 antimagic bardiche
Missiles
 o - 62 poisoned darts (quivered)
 L - 7 curare-tipped darts
 X - a throwing net
Armour
 e - a +2 pair of boots (worn)
 g - a +1 leather armour of fire resistance (worn)
 v - a +1 pair of gloves (worn)
 z - the +11 chain mail "Sedaufav" {Fly rC+ Dex+3}
   (You found it on level 11 of the Dungeon)

   Dex+3:     It affects your dexterity (+3).
   rC+:       It protects you from cold.
   Fly:       It grants you flight.
 N - a +1 cloak (worn)
 S - a +0 buckler (worn)
Jewellery
 c - a +6 ring of intelligence
 k - an amulet of reflection (around neck)
 u - a ring of ice (right hand)
 y - a +4 ring of protection
 G - a +5 ring of evasion
 H - a ring of protection from fire
 I - a ring of poison resistance (left hand)
 R - the ring of Anos {Will- EV+5 Str+5}
   (You found it on level 1 of the Lair of Beasts)

   [ring of evasion]

   EV+5:      It affects your evasion (+5).
   Str+5:     It affects your strength (+5).
   Will-:     It decreases your willpower.
 T - a +5 ring of evasion
Wands
 a - a wand of polymorph (10)
 d - a wand of digging (16)
 j - a wand of iceblast (15)
 B - a wand of light (2)
 C - a wand of flame (9)
 F - a wand of mindburst (36)
Scrolls
 h - a scroll of revelation {unknown}
 n - 3 scrolls of teleportation
 p - 3 scrolls of enchant weapon
 q - 5 scrolls of fear
 r - a scroll of fog
 t - 6 scrolls of immolation
 w - 2 scrolls of butterflies
 D - 2 scrolls of noise {unknown}
 E - 2 scrolls of amnesia {unknown}
 J - a scroll of poison {unknown}
 Q - a scroll of vulnerability
Potions
 b - 2 potions of magic
 f - 5 potions of brilliance
 i - 2 potions of curing
 l - a potion of berserk rage {unknown}
 m - 3 potions of attraction
 s - 4 potions of degeneration {unknown}
 x - 4 potions of lignification {unknown}
 A - a potion of resistance {unknown}
 M - a potion of ambrosia {unknown}
 O - 3 potions of haste {unknown}
 U - a potion of enlightenment {unknown}
 V - a potion of mutation {unknown}
 Z - a potion of cancellation {unknown}
Miscellaneous
 K - a lightning rod (4/4)


   Skills:
 - Level 11.2 Fighting
 - Level 12.8 Polearms
 - Level 4.8 Armour
 - Level 11.3 Dodging
 - Level 2.1 Stealth
 + Level 11.3 Spellcasting
 - Level 6.0 Conjurations
 - Level 1.8 Summonings
 - Level 15.5 Ice Magic


You had 16 spell levels left.
You knew the following spells:

 Your Spells              Type           Power      Damage    Failure   Level
a - Freeze                Ice            100%       1d10      1%          1
b - Ozocubu's Armour      Ice            81%        N/A       1%          3
c - Summon Ice Beast      Ice/Summ       60%        N/A       1%          3
d - Hailstorm             Conj/Ice       67%        3d12      1%          3
e - Frozen Ramparts       Ice            100%       1d16      1%          3
f - Ozocubu's Refrigerat  Ice            40%        4d16      21%         7

Your spell library contained the following spells:

 Spells                   Type           Power      Damage    Failure   Level
 Kiss of Death            Conj/Necr      88%        2d12      4%          1
 Static Discharge         Conj/Air       44%        3-5/arc   6%          2
 Stone Arrow              Conj/Erth      44%        3d9       12%         3
 Necrotise                Necr           40%        1d6       14%         1
 Metabolic Englaciation   Hex/Ice        28%        N/A       16%         5
 Scorch                   Fire           20%        2d5       21%         2
 Flame Wave               Conj/Fire      22%        2d8       36%         4
 Vampiric Draining        Necr           10%        2d6       38%         3
 Sculpt Simulacrum        Ice/Alch       28%        N/A       65%         6
 Animate Armour           Summ/Erth      28%        N/A       67%         4
 Martyr's Knell           Necr/Summ      14%        N/A       67%         4
 Summon Lightning Spire   Summ/Air       14%        N/A       67%         4
 Airstrike                Air            5%         2d(1-17)  80%         4
 Olgreb's Toxic Radiance  Alch           10%        N/A       80%         4
 Summon Mana Viper        Hex/Summ       14%        N/A       95%         5
 Alistair's Intoxication  Alch           6%         N/A       98%         5
 Borgnjor's Vile Clutch   Necr/Erth      5%         N/A       98%         5
 Curse of Agony           Necr           10%        N/A       98%         5
 Eringya's Noxious Bog    Alch           5%         4d6       100%        6
 Summon Cactus Giant      Summ           8%         N/A       100%        6
 Haunt                    Necr/Summ      7%         N/A       100%        7
 Monstrous Menagerie      Summ           8%         N/A       100%        7
 Borgnjor's Revivificati  Necr           5%         N/A       100%        8
 Discord                  Hex            5%         N/A       100%        8
 Lehudib's Crystal Spear  Conj/Erth      11%        10d4      100%        8
 Death's Door             Necr           5%         N/A       100%        9


Dungeon Overview and Level Annotations

Branches:
Dungeon (12/15)            Temple (1/1) D:7            Lair (5/5) D:10
 Shoals (0/4) Lair:2       Spider (0/4) Lair:3        Slime (0/5) Lair:5
    Orc (0/2) D:9

Altars:
Ashenzari
Cheibriados
Dithmenos
Fedhas
Gozag
Hepliaklqana
Kikubaaqudgha
Makhleb
Nemelex Xobeh
Okawaru
Qazlal
Ru
Sif Muna
Trog
Uskayaw
Vehumet
Wu Jian
Xom
Yredelemnul
Zin
The Shining One
Jiyva

Shops:
D:5 *:   D:10 (:[[   D:11 :

Portals:
Trove: D:10 (give 6 scrolls of fear)

Annotations:
D:8 3 runed translucent doors, Pi314's ghost, novice HuFE
D:9 1 runed translucent door, bmj180's ghost, novice HuCj
D:10 Fannar
D:12 Rupert
Temple 2 transporters
Lair:2 1 runed translucent door, exclusion: oklob plant, Jutic's ghost, journeyman TrFi


Innate Abilities, Weirdness & Mutations

Your life essence is reduced to manifest your ancestor. (-10% HP)
((You are very nimble when in or above water. (Stealth+, EV+, Speed+++)))
Your lower body shifts to a powerful aquatic tail in water.


Message History

You are lethally poisoned!
Your ice beast hits Rupert but does no damage.
You hit Rupert but do no damage.
Rupert is severely wounded.
* * * LOW HITPOINT WARNING * * *
You feel extremely sick.
The wall freezes Rupert.
Rupert hits you with a +0 great mace of venom.
* * * LOW HITPOINT WARNING * * *
Your ice beast hits Rupert.
Your ice beast freezes Rupert!
You feel much better.
The frozen ramparts melt away.
You feel extremely sick.
Rupert hits you with a +0 great mace of venom.
* * * LOW HITPOINT WARNING * * *
Kaya hits Rupert with a +0 broad axe of flaming!
Kaya burns Rupert.
Kaya blocks Rupert's attack.
Your ice beast closely misses Rupert.
Okay, then.
Unknown command.
You catch the helpless Rupert completely off-guard!
You puncture Rupert!
Rupert is almost dead.
* * * LOW HITPOINT WARNING * * *
You feel extremely sick. You block Rupert's attack.
Kaya hits Rupert with a +0 broad axe of flaming.
Kaya burns Rupert.
Your ice beast hits Rupert.
Your ice beast freezes Rupert!
Casting: Summon Ice Beast (safe; 1% risk of failure)
Confirm with . or Enter, or press ? or * to list all spells.
Casting: Frozen Ramparts (safe; 1% risk of failure)
Press: ? - help, Dir - look around, f - activate You feel a surge of power!
The walls around you are covered in ice.
* * * LOW HITPOINT WARNING * * *
You feel very sick.
The wall freezes Rupert.
You block Rupert's attack.
The wall freezes Rupert but does no damage.
Rupert hits you with a +0 great mace of venom!!
You die...
Rupert roars with triumph.

##....###.....####..........
#.....###.....###...........
##....##.....................
#...........).......#........
#..............<.............
#.....^...........#.##.......
##...........R..##..###......
##....####.)@)####...#.......
#...### ##Y@## #............
##..## ##)####..#......... ##...#
#))....##..)...... #....###
###...###...)....# ######..##.###
#..)..# #...#)....
#..###...#...####....###...##....
......................##....#<..#
..........######.................
....#.....###....................


You could see the friendly Kaya the knight, Rupert (berserk, ally target) and a
friendly ice beast (summoned).

Vanquished Creatures
  An ice dragon (Lair:5)
  A centaur warrior (D:11)
  5 death yaks
  2 boulder beetles
  A vampire mage (D:11)
  A swamp dragon (Lair:5)
  A deep elf pyromancer (D:12)
  A lindwurm (Lair:5)
  A wolf spider (Lair:5)
  2 manticores
  8 elephants
  A guardian serpent (Lair:5)
  9 black mambas
  2 torpor snails
  3 rime drakes (Lair:5)
  9 cane toads
  2 kobold demonologists (D:12)
  17 komodo dragons
  Psyche (D:8)
  2 trolls
  12 blink frogs
  2 polar bears
  A hornet (Lair:5)
  5 dream sheep
  8 wyverns
  3 vampires (D:11)
  A human (D:9)
  A steam dragon (D:9)
  2 redbacks (Lair:5)
  39 yaks
  4 vampire mosquitoes (D:10)
  6 basilisks
  2 acid dragons (Lair:5)
  27 water moccasins
  4 orc warriors
  A sky beast (D:7)
  A black bear (D:4)
  3 ice beasts
  13 wolves
  11 centaurs
  2 kobold brigands
  6 bullfrogs
  3 scorpions
  10 wights
  6 killer bees (D:10)
  2 jellies
  4 howler monkeys (D:9)
  2 bombardier beetles (D:4)
  9 orc priests
  3 hounds
  2 sleepcaps
  8 orc wizards
  5 iguanas
  11 gnolls
  11 adders
  A white imp (D:6)
  5 dart slugs
  A ribbon worm (D:2)
  38 orcs
  9 ball pythons
  5 endoplasms
  3 giant cockroaches
  5 goblins
  5 hobgoblins
  11 jackals
  3 quokkas
  7 bats
  8 frilled lizards
  14 kobolds
  9 rats
424 creatures vanquished.

Vanquished Creatures (collateral kills)
  2 hydras
  A two-headed ogre (D:9)
  A death yak (Lair:1)
  2 ugly things
  5 elephants (Lair:4)
  2 black mambas (Lair:5)
  7 cane toads
  A kobold demonologist (D:11)
  5 komodo dragons
  A polar bear (Lair:3)
  A hornet (Lair:5)
  2 trolls
  6 blink frogs
  3 dream sheep (Lair:3)
  4 vampires (D:11)
  3 wyverns (Lair:5)
  2 wraiths (D:11)
  10 yaks
  A steam dragon (Lair:4)
  Grum (D:8)
  2 redbacks (Lair:5)
  3 vampire mosquitoes (D:12)
  Edmund (D:5)
  5 basilisks
  An acid dragon (Lair:5)
  9 water moccasins
  A swamp drake (Lair:5)
  A black bear (Lair:4)
  5 wolves
  4 centaurs
  A kobold brigand (D:12)
  4 bullfrogs
  A gnoll sergeant (D:12)
  2 killer bees (D:10)
  A hound (D:5)
  A sleepcap (D:5)
  2 gnoll boudas
  5 iguanas
  2 orc wizards
  An adder (D:6)
  5 gnolls
  10 orcs
  5 goblins (D:3)
  4 kobolds
136 creatures vanquished.

Vanquished Creatures (others)
  An unseen horror (D:12)
  A water moccasin (Lair:5)
  A kobold brigand (D:7)
  5 ancestors
  7 knights
15 creatures vanquished.

Grand Total: 575 creatures vanquished

Notes
Turn   | Place    | Note
-------+----------+-------------------------------------------
     0 | D:1      | yokelz the Merfolk Ice Elementalist began the quest for the
                  | Orb.
     0 | D:1      | Reached XP level 1. HP: 13/13 MP: 3/3
   188 | D:1      | Reached XP level 2. HP: 19/19 MP: 5/5
   356 | D:1      | Found a faded altar of an unknown god.
   399 | D:1      | Got Plato's Compendium of the Charnel House
   615 | D:1      | Reached skill level 1 in Polearms
   615 | D:1      | Reached XP level 3. HP: 23/24 MP: 0/6
  1046 | D:2      | Reached XP level 4. HP: 30/30 MP: 4/7
  1785 | D:3      | Learned a level 3 spell: Ozocubu's Armour
  1789 | D:3      | Learned a level 3 spell: Summon Ice Beast
  1943 | D:2      | Reached skill level 5 in Ice Magic
  1945 | D:2      | Reached XP level 5. HP: 22/35 MP: 1/8
  2455 | D:3      | Reached skill level 1 in Summonings
  3244 | D:4      | Reached skill level 5 in Polearms
  3290 | D:4      | Reached XP level 6. HP: 36/41 MP: 5/9
  3472 | D:4      | Reached skill level 1 in Fighting
  3608 | D:4      | Noticed a black bear
  3615 | D:4      | Killed a black bear
  3655 | D:4      | Found a sparkling altar of Nemelex Xobeh.
  3723 | D:4      | Reached XP level 7. HP: 50/53 MP: 5/11
  4174 | D:5      | Entered Level 5 of the Dungeon
  4174 | D:5      | Found Tukkayp's Self-Published Books.
  4194 | D:5      | Reached skill level 5 in Fighting
  4513 | D:5      | Found Zin's Purification Station.
  4513 | D:5      | Found a glowing silver altar of Zin.
  4692 | D:5      | Reached skill level 5 in Dodging
  4825 | D:5      | Reached XP level 8. HP: 62/62 MP: 6/12
  5142 | D:5      | Found a blossoming altar of Fedhas.
  5233 | D:5      | Noticed Edmund
  5511 | D:5      | Killed Edmund
  5691 | D:5      | Found a glowing golden altar of the Shining One.
  6035 | D:6      | Reached skill level 10 in Dodging
  6195 | D:6      | Reached XP level 9. HP: 64/68 MP: 8/13
  6241 | D:6      | Found a stormy altar of Qazlal.
  6605 | D:6      | Learned a level 3 spell: Hailstorm
  6638 | D:6      | Reached skill level 1 in Conjurations
  6760 | D:6      | Found a burning altar of Makhleb.
  7482 | D:7      | Found a staircase to the Ecumenical Temple.
  7491 | Temple   | Found a transporter.
  7491 | Temple   | Found a transporter.
  7491 | Temple   | Found a transporter.
  7491 | Temple   | Found a transporter.
  7491 | Temple   | Entered the Ecumenical Temple
  7513 | Temple   | Became a worshipper of Hepliaklqana the Forgotten
  7874 | D:7      | Found a radiant altar of Vehumet.
  7997 | D:7      | Reached skill level 5 in Conjurations
  8106 | D:7      | Found an ornate altar of the Wu Jian Council.
  8282 | D:8      | Found a shadowy altar of Dithmenos.
  8313 | D:8      | Noticed Grum
  8339 | D:8      | Killed Grum
  8535 | D:8      | Learned a level 3 spell: Frozen Ramparts
  8543 | D:8      | Found a hide-covered altar of Uskayaw.
  8544 | D:8      | Noticed Psyche
  8571 | D:8      | Killed Psyche
  8572 | D:8      | Reached XP level 10. HP: 52/74 MP: 6/16
  8827 | D:8      | Reached skill level 5 in Spellcasting
  9166 | D:8      | Found a runed translucent gate.
  9166 | D:8      | Found a runed translucent gate.
  9167 | D:8      | Found a runed translucent gate.
  9169 | D:8      | Noticed Pi314's ghost (novice HuFE)
  9170 | D:8      | Reached * piety under Hepliaklqana
  9282 | D:8      | Found a sacrificial altar of Ru.
  9394 | D:8      | Upgraded the game from 0.31-a0-1589-g8f5e8aebd6 to
                  | 0.31-a0-1591-g515db51633
  9913 | D:8      | Found a viscous altar of Jiyva.
  9955 | D:9      | Found a broken altar of Ashenzari.
  9969 | D:9      | Reached skill level 6 in Ice Magic
 10033 | D:9      | Noticed a two-headed ogre
 10040 | D:9      | Killed a two-headed ogre
 10041 | D:9      | Reached skill level 7 in Ice Magic
 10261 | D:9      | Reached skill level 8 in Ice Magic
 10261 | D:9      | Reached XP level 11. HP: 70/71 MP: 18/22
 10362 | D:9      | Found an opulent altar of Gozag.
 10697 | D:9      | Found a staircase to the Orcish Mines.
 10705 | D:9      | Reached skill level 9 in Ice Magic
 11117 | D:9      | Found a runed translucent door.
 11119 | D:9      | Noticed bmj180's ghost (novice HuCj)
 11230 | D:9      | Found a shimmering blue altar of Sif Muna.
 11477 | D:10     | Entered Level 10 of the Dungeon
 11534 | D:10     | Found Hominoph's Book Shop.
 11540 | D:10     | Found Celoess's Armour Shop.
 11540 | D:10     | Found Adderyas's Antique Armour Shop.
 11541 | D:10     | Found Juoruh's Weapon Shop.
 11548 | D:10     | Bought 2 curare-tipped darts for 28 gold pieces
 11552 | D:10     | Bought a translucent leather armour for 203 gold pieces
 11552 | D:10     | Identified the +1 leather armour of Omission {+Blink Will+
                  | Regen+ MP-9} (You bought it in a shop on level 10 of the
                  | Dungeon)
 11664 | D:10     | Reached ** piety under Hepliaklqana
 11691 | D:10     | Found a staircase to the Lair.
 11775 | D:10     | Reached skill level 10 in Ice Magic
 11829 | D:10     | Found a portal to a secret trove of treasure.
 12592 | D:11     | Found Bagopud's Book Boutique.
 12593 | D:11     | Noticed a brown ugly thing
 12593 | D:11     | Noticed a centaur warrior
 12613 | D:10     | Killed a brown ugly thing
 12934 | D:11     | Killed a centaur warrior
 13020 | D:11     | Reached skill level 11 in Ice Magic
 13039 | D:11     | Noticed Fannar
 13198 | D:10     | Remembered your ancestor Kaya as a knight
 13517 | D:11     | Noticed a brown ugly thing
 13544 | D:11     | Killed a brown ugly thing
 13546 | D:11     | Reached skill level 12 in Ice Magic
 13977 | D:11     | Noticed a manticore
 14017 | D:12     | Noticed a manticore
 14263 | D:12     | Killed a manticore
 14273 | D:12     | Noticed a deep elf pyromancer
 14283 | D:12     | Killed a deep elf pyromancer
 14351 | D:12     | Reached XP level 12. HP: 79/79 MP: 20/23
 14886 | D:12     | Noticed a boulder beetle
 14953 | D:12     | Killed a boulder beetle
 15145 | D:12     | Noticed Rupert
 15180 | Lair:1   | Entered Level 1 of the Lair of Beasts
 15853 | Lair:1   | Identified the ring of Anos {Will- EV+5 Str+5}
 16197 | Lair:1   | Reached *** piety under Hepliaklqana
 16244 | Lair:1   | Learned a level 7 spell: Ozocubu's Refrigeration
 16646 | Lair:1   | Noticed a death yak
 16650 | Lair:1   | Noticed a death yak
 16660 | Lair:1   | Killed a death yak
 16663 | Lair:1   | Killed a death yak
 16857 | Lair:2   | Noticed a six-headed hydra
 16891 | Lair:2   | Reached skill level 13 in Ice Magic
 17019 | Lair:2   | Reached XP level 13. HP: 85/89 MP: 13/25
 17153 | Lair:2   | Identified the +1 robe "Datuqabb" {Harm rF+ Str+5 Dex-5}
 17174 | Lair:2   | Found a staircase to the Shoals.
 17471 | Lair:2   | Found a runed translucent door.
 17471 | Lair:2   | Noticed Jutic's ghost (journeyman TrFi)
 17704 | Lair:2   | Reached **** piety under Hepliaklqana
 18307 | Lair:3   | Reached skill level 14 in Ice Magic
 18806 | Lair:3   | Reached skill level 10 in Spellcasting
 18978 | Lair:3   | Found a hole to the Spider Nest.
 19999 | Lair:4   | Reached skill level 15 in Ice Magic
 20109 | Lair:4   | Reached XP level 14. HP: 31/95 MP: 3/29
 20813 | Lair:4   | Reached skill level 10 in Polearms
 20842 | Lair:4   | Reached skill level 1 in Armour
 21686 | Lair:5   | Entered Level 5 of the Lair of Beasts
 21770 | Lair:5   | Reached ***** piety under Hepliaklqana
 22228 | Lair:5   | Found a staircase to the Slime Pits.
 22228 | Lair:5   | Found a viscous altar of Jiyva.
 22265 | Lair:5   | Reached skill level 10 in Fighting
 24282 | Lair:5   | Reached XP level 15. HP: 105/105 MP: 30/30
 24549 | Lair:5   | Identified a scroll of acquirement
 24550 | Lair:5   | Acquired a +1 antimagic bardiche
 24905 | D:11     | Identified the +11 chain mail "Sedaufav" {Fly rC+ Dex+3}
 25207 | D:11     | Found an ancient bone altar of Kikubaaqudgha.
 25409 | D:12     | Mangled by Rupert

Illustrated notes

Levels and vault maps discovered:
D:1:      dpeg_arrival_tiny_c, layout_rooms,
          shapermc_ecumenical_altar_rom_forum, patterned_corridor
D:2:      layout_basic
D:3:      mumra_celtic_spiral_tile, layout_basic,
          nicolae_overflow_hidden_temple, columned_hall_lemuel, st_stairs_6,
          minmay_goblin_outpost
D:4:      layout_basic, mainiacjoe_overflow_tiny_flanked, st_stairs_4
D:5:      layout_basic, mainiacjoe_overflow_catwalk, zin_purify,
          mainiacjoe_overflow_cross_hatched, nicolae_custom_books, uniq_edmund
D:6:      layout_loops_ring, makhleb_blood_cavern_becter,
          nicolae_qazlal_eye_of_the_storm
D:7:      layout_basic, amcnicky_altar_gilded, fiery_altar_vehumet,
          minmay_temple_entry_antechambers
D:8:      layout_basic, general_overflow_altar, lemuel_round_altar,
          old_standard_altar, gammafunk_ghost_ooze, uniq_psyche, uniq_grum
D:9:      layout_gridville, grunt_gozag_statues, mainiacjoe_overflow_brackets,
          kennysheep_little_box, erik_orc_4, ebering_ghost_inner_flame
D:10:     layout_basic, lair_entry_dummy, nicolae_trove_entry_columns,
          minmay_shop_grid_forest
D:11:     layout_cave_pools, serial_shops, shop, nicolae_nh_vlads_tower,
          uniq_fannar
D:12:     layout_cave_pools, serial_shops, statue_bzr, uniq_rupert
Temple:   hellmonk_temple_divided_pantheon
Lair:1:   beast_lair_carwin_large_2, layout_loops_ring, st_stairs_12
Lair:2:   layout_regular_city, minmay_shoals_entry_centaurs,
          hellmonk_ghost_happy_afterlife
Lair:3:   layout_regular_city, dummy_spider_entry, serial_bayou_shore_b
Lair:4:   layout_gridlike, beast_lair_carwin_7, grunt_megastairs_2
Lair:5:   hangedman_lair_tendril_chambers, layout_misc_corridors,
          guppyfry_lair_end_dragon, slime_entry_1

Skill      XL: |  1  2  3  4  5  6  7  8  9 10 11 12 13 14 15 |
---------------+----------------------------------------------+-----
Polearms       | 1 3 4 5 6 9 12 | 12.8
Ice Magic      | 5 8 12 13 15 | 15.5
Summonings     | 1 |  1.8
Spellcasting   | 3 4 7 8 11 | 11.3
Fighting       | 3 5 6 8 10 11 | 11.2
Dodging        | 6 10 11 | 11.3
Conjurations   | 6 |  6.0
Armour         | 4 |  4.8
Stealth        | |  2.1

Action                     |  1- 3 |  4- 6 |  7- 9 | 10-12 | 13-15 || total
---------------------------+-------+-------+-------+-------+-------++-------
  Melee: Unarmed           |     1 |       |       |       |       ||     1
         Spear             |    31 |    50 |   146 |       |       ||   227
         Dagger            |     8 |       |       |       |       ||     8
         Punch             |       |       |     3 |     6 |       ||     9
         Trident           |       |       |   223 |   250 |   489 ||   962
         Glaive            |       |       |       |   140 |       ||   140
  Throw: Dart              |     3 |    11 |    11 |     1 |     3 ||    29
   Cast: Freeze            |    41 |    75 |   155 |    78 |   177 ||   526
         Summon Ice Beast  |       |     4 |    12 |    12 |     8 ||    36
         Ozocubu's Armour  |       |     2 |     8 |    32 |    29 ||    71
         Frozen Ramparts   |       |       |     1 |    43 |    25 ||    69
         Hailstorm         |       |       |     1 |    11 |    36 ||    48
 Invoke: Recall Ancestor   |       |       |       |     1 |       ||     1
         Ancestor Life: Kn |       |       |       |     1 |       ||     1
  Evoke: Wand              |       |       |       |     2 |       ||     2
    Use: Scroll            |       |     6 |     1 |     6 |     8 ||    21
         Potion            |       |       |       |     1 |     6 ||     7
   Stab: Sleeping          |     1 |     4 |     3 |       |     4 ||    12
         Distracted        |       |     1 |     2 |     3 |     4 ||    10
 Armour: Robe              |    23 |       |       |       |       ||    23
         Leather armour    |     7 |    53 |   220 |   296 |   352 ||   928
         Skin              |       |       |     2 |       |       ||     2
  Dodge: Dodged            |    27 |    48 |   340 |   431 |   432 ||  1278
  Block: Other             |       |       |    71 |   108 |       ||   179
         Reflection        |       |       |     2 |     6 |     5 ||    13
         Buckler           |       |       |       |     8 |   311 ||   319

Table legend: (Time is in decaauts)
 A = Elapsed time spent in this place.
 B = Non-inter-level travel time spent in this place.
 C = Inter-level travel time spent in this place.
 D = Time resting spent in this place.
 E = Time spent auto-exploring this place.
 F = Levels seen in this place.
 G = Mean time per level.
                   A        B        C        D        E       F      G
               +--------+--------+--------+--------+--------+-----+--------+
         Total |  25618 |  24955 |    663 |   8187 |  11326 |  18 | 1423.2 |
       Dungeon |  16126 |  15705 |    421 |   4631 |   7461 |  12 | 1343.8 |
        Temple |     38 |     38 |      0 |      0 |      0 |   1 |   38.0 |
          Lair |   9453 |   9211 |    242 |   3556 |   3865 |   5 | 1890.6 |
               +--------+--------+--------+--------+--------+-----+--------+

Top non-repeatable levels by time:
  Lair:5: 2925 daAuts
    D:10: 2015 daAuts
  Lair:4: 1879 daAuts
  Lair:3: 1833 daAuts
    D:11: 1688 daAuts
     D:8: 1654 daAuts
     D:9: 1560 daAuts
  Lair:1: 1560 daAuts
     D:5: 1459 daAuts
     D:4: 1260 daAuts
  Lair:2: 1255 daAuts
     D:6: 1239 daAuts
     D:7: 1221 daAuts
     D:3: 1161 daAuts
     D:2: 1096 daAuts
